AoeStats
← Rearte7

Yucatan

510547799Analyzed
4v4 RM · 2d ago on Oct 1, 2026· 30m 14s· 8 players
Game mode
Random Map
Map size
Large (8 player)
Population
200
Speed
Normal
Resources
Standard
Victory
Conquest
Starting age
Dark Age
Ending age
Imperial Age
RankedLock teamsTeams togetherTeam positionsShared explorationLock speedFull tech treeHidden civsTurbo modeCheats
Victory
Defeat
🇺🇸 Magyars · United States
957
+13
🇺🇸 Jurchens · United States
954
+13
🇺🇸 Armenians · United States
914
+14
🇧🇷 Bengalis · Brazil
718
+22
🇧🇷 Malay · Brazil
904
-17
🇮🇹 Hindustanis · Italy
881
-16
🇪🇸 Spanish · Spain
864
-15
🇨🇳 Goths · China
849
-14
Guty
0:28 Loom
11:41 Feudal Age
13:19 Double-Bit Axe
17:32 Castle Age
16:04 Scale Barding Armor
17:36 Wheelbarrow
16:56 Stone Mining
16:59 Gold Mining
18:02 Forging
19:03 Bow Saw
25:35 Husbandry
26:53 Horse Collar
27:42 Heavy Plow
28:27 Chain Barding Armor
29:50 Elite Skirmisher
Rearte7
4:37 Loom
11:11 Feudal Age
14:12 Town Watch
19:42 Castle Age
20:13 Wheelbarrow
20:59 Fletching
23:02 Crossbowman
26:19 Bodkin Arrow
27:56 Gold Mining
30:46 Thumb Ring
casarik
13:33 Feudal Age
13:59 Horse Collar
14:06 Double-Bit Axe
15:00 Wheelbarrow
22:35 Castle Age
21:17 Bloodlines
24:03 Forging
23:23 Light Cavalry
26:49 Hand Cart
27:54 Heavy Plow
28:07 Bow Saw
Letty
12:24 Feudal Age
16:30 Wheelbarrow
16:09 Double-Bit Axe
16:25 Loom
16:59 Horse Collar
17:49 Stone Mining
20:24 Castle Age
19:04 Gold Mining
20:57 Crossbowman
32:36 Imperial Age
Fryy
11:12 Feudal Age
10:40 Loom
16:52 Castle Age
15:00 Double-Bit Axe
18:03 Horse Collar
21:36 Bow Saw
21:57 Stone Mining
25:28 Wheelbarrow
25:17 Scale Barding Armor
27:40 Hand Cart
27:36 Heavy Plow
28:32 Gold Mining
BloodTearss
9:51 Loom
15:01 Feudal Age
15:25 Man-at-Arms
17:23 Scale Mail Armor
17:33 Forging
16:53 Long Swordsman
22:13 Castle Age
21:25 Double-Bit Axe
21:33 Gold Mining
21:35 Stone Mining
21:53 Arson
23:02 Squires
22:50 Gambesons
22:26 Two-Handed Swordsman
30:06 Wheelbarrow
sleW
10:06 Loom
11:55 Feudal Age
16:27 Castle Age
17:42 Double-Bit Axe
17:53 Gold Mining
21:14 Bow Saw
21:56 Scale Barding Armor
22:48 Scale Mail Armor
22:59 Forging
27:12 Horse Collar
28:14 Chain Mail Armor
28:21 Siege Engineers
itsdebbie
11:03 Loom
12:48 Feudal Age
14:20 Wheelbarrow
14:04 Town Watch
19:47 Double-Bit Axe
19:54 Gold Mining
22:32 Stone Mining
26:56 Horse Collar
30:56 Castle Age
Connection lost

Rejoining the realm…

Still unreachable

The connection could not be restored.

Session expired

The server has moved on; the page needs a fresh start.